BR (22 & UNDER)
YELLOWKNIFE CLAWS @ OCEANSIDE SWAMP FOXES
09/03/2029
 
TOP OF THE 1ST
Yellowknife Claws batting - Pitching for Oceanside Swamp Foxes : LHP David Jennings
Pitching: LHP David Jennings
Batting: RHB Sergio Ortíz 0-0: Ball
1-0: Ball
2-0: Ball
3-0: Swinging Strike
3-1: Foul Ball, location: 2F
3-2: Base on Balls
Batting: RHB Preston Church 0-0: Swinging Strike
0-1: Foul Ball, location: 2F
0-2: Foul Ball, location: 2F
0-2: Ball
1-2: Foul Ball, location: 2F
1-2: Foul Ball, location: 2F
1-2: Strikes out swinging
Batting: RHB Curt O'Brian 0-0: Ball
1-0: Ball
2-0: Called Strike
2-1: Ball
3-1: Called Strike
3-2: Foul Ball, location: 2F
3-2: Base on Balls
Sergio Ortíz to second
Batting: RHB Tomás Díaz 0-0: Called Strike
0-1: Ball
1-1: Ball
Passed Ball!
Sergio Ortíz to third
Curt O'Brian to second
2-1: Ground out 6-3 (Groundball, 6)
Sergio Ortíz scores
Curt O'Brian to third
Batting: RHB Mike Morrow 0-0: Called Strike
0-1: Called Strike
0-2: Ball
1-2: Fly out, F9 (Line Drive, 9S)
Top of the 1st over - 1 run, 0 hits, 0 errors, 1 left on base; Yellowknife 1 - Oceanside 0
BOTTOM OF THE 1ST
Oceanside Swamp Foxes batting - Pitching for Yellowknife Claws : RHP Wilson González
Pitching: RHP Wilson González
Batting: SHB Teko de Bruin 0-0: Fly out, F9 (Flyball, 9LSF)
Batting: RHB Ricardo López 0-0: Called Strike
0-1: Called Strike
0-2: Ball
1-2: SINGLE (Flyball, 78M)
Batting: RHB Howard Reed 0-0: Called Strike
Ricardo López steals 2nd base
0-1: Ball
Wild Pitch!
Ricardo López to third
1-1: Fly out, F4 (Line Drive, 4M)
Batting: RHB Rubén Ramírez 0-0: Ball
1-0: Ball
2-0: Foul Ball, location: 2F
2-1: Foul Ball, location: 2F
2-2: Ball
3-2: Strikes out swinging
Bottom of the 1st over - 0 runs, 1 hit, 0 errors, 1 left on base; Yellowknife 1 - Oceanside 0
TOP OF THE 2ND
Yellowknife Claws batting - Pitching for Oceanside Swamp Foxes : LHP David Jennings
Batting: LHB Richard Shelton 0-0: Ball
1-0: Called Strike
1-1: Foul Ball, location: 2F
1-2: Ball
2-2: Foul Ball, location: 2F
2-2: Strikes out swinging
Batting: LHB Mike Bowers 0-0: Foul Ball, location: 2F
0-1: Called Strike
0-2: Ball
1-2: Strikes out swinging
Batting: LHB Steve Blankenship 0-0: Called Strike
0-1: Ball
1-1: Foul Ball, location: 2F
1-2: Ball
2-2: Ball
3-2: Base on Balls
Batting: RHB Norberto Navarro 0-0: Ball
1-0: Fielders Choice at 2nd, 6-4 (Groundball, 6)
Top of the 2nd over - 0 runs, 0 hits, 0 errors, 1 left on base; Yellowknife 1 - Oceanside 0
BOTTOM OF THE 2ND
Oceanside Swamp Foxes batting - Pitching for Yellowknife Claws : RHP Wilson González
Batting: RHB Bert Larson 0-0: SINGLE (Flyball, 56D)
Batting: RHB Pat Greene 0-0: Foul Ball, location: 2F
0-1: Ball
1-1: Ground out 4-3 (Groundball, 34)
Bert Larson to second
Batting: LHB Bob Huerta 0-0: Called Strike
0-1: Ball
1-1: Called Strike
1-2: Ball
2-2: Fly out, F8 (Flyball, 8LM)
Batting: LHB Ernesto Rivera 0-0: SINGLE (Line Drive, 34D)
Bert Larson to third
Runner from 3rd tries for Home, SAFE, no throw
Batting: RHB Luis Vigueras 0-0: Ball
1-0: Ball
2-0: Foul Ball, location: 2F
2-1: Called Strike
2-2: Hit by Pitch
Ernesto Rivera to second
Batting: SHB Teko de Bruin 0-0: Ball
1-0: Called Strike
1-1: Ground out 1-3 (Groundball, P)
Bottom of the 2nd over - 1 run, 2 hits, 0 errors, 2 left on base; Yellowknife 1 - Oceanside 1
TOP OF THE 3RD
Yellowknife Claws batting - Pitching for Oceanside Swamp Foxes : LHP David Jennings
Batting: RHB Sergio Ortíz 0-0: Fly out, F7 (Line Drive, 7)
Batting: RHB Preston Church 0-0: Ball
1-0: Called Strike
1-1: Fly out, F6 (Popup, P)
Batting: RHB Curt O'Brian 0-0: Foul Ball, location: 2F
0-1: Called Strike
0-2: Strikes out looking
Top of the 3rd over - 0 runs, 0 hits, 0 errors, 0 left on base; Yellowknife 1 - Oceanside 1
BOTTOM OF THE 3RD
Oceanside Swamp Foxes batting - Pitching for Yellowknife Claws : RHP Wilson González
Batting: RHB Ricardo López 0-0: Ball
1-0: Called Strike
1-1: Ball
2-1: Foul Ball, location: 2F
2-2: Fly out, F8 (Flyball, 8LS)
Batting: RHB Howard Reed 0-0: Fly out, F9 (Flyball, 9)
Batting: RHB Rubén Ramírez 0-0: Ball
1-0: Called Strike
1-1: Foul Ball, location: 2F
1-2: Ball
2-2: Ball
3-2: SINGLE (Line Drive, 8RS)
Batting: RHB Bert Larson 0-0: Ball
1-0: SINGLE (Line Drive, 34D)
Rubén Ramírez to second
Runner from 2nd tries for 3rd, SAFE, throw made to third
Batting: RHB Pat Greene 0-0: Called Strike
0-1: Ball
1-1: Ball
2-1: Swinging Strike
2-2: Fielders Choice at 2nd, 6-4 (Groundball, 6)
Bottom of the 3rd over - 0 runs, 2 hits, 0 errors, 2 left on base; Yellowknife 1 - Oceanside 1
TOP OF THE 4TH
Yellowknife Claws batting - Pitching for Oceanside Swamp Foxes : LHP David Jennings
Batting: RHB Tomás Díaz 0-0: Ball
1-0: Foul Ball, location: 2F
1-1: Ball
2-1: Ball
3-1: Base on Balls
Batting: RHB Mike Morrow 0-0: Ball
1-0: Ball
2-0: Foul Ball, location: 2F
2-1: Foul Ball, location: 2F
2-2: Strikes out swinging
Batting: LHB Richard Shelton 0-0: Called Strike
0-1: Ball
1-1: Ball
2-1: Ground out 3-1 (Groundball, 3L)
Tomás Díaz to second
Batting: LHB Mike Bowers 0-0: Called Strike
0-1: Ball
1-1: Swinging Strike
1-2: Strikes out swinging
Top of the 4th over - 0 runs, 0 hits, 0 errors, 1 left on base; Yellowknife 1 - Oceanside 1
BOTTOM OF THE 4TH
Oceanside Swamp Foxes batting - Pitching for Yellowknife Claws : RHP Wilson González
Batting: LHB Bob Huerta 0-0: Ball
1-0: Ground out U3 (Groundball, 3)
Batting: LHB Ernesto Rivera 0-0: Fly out, F7 (Flyball, 7S)
Batting: RHB Luis Vigueras 0-0: Fly out, F7 (Flyball, 7S)
Bottom of the 4th over - 0 runs, 0 hits, 0 errors, 0 left on base; Yellowknife 1 - Oceanside 1
TOP OF THE 5TH
Yellowknife Claws batting - Pitching for Oceanside Swamp Foxes : LHP David Jennings
Batting: LHB Steve Blankenship 0-0: Called Strike
0-1: SINGLE (Groundball, 34D)
Batting: RHB Norberto Navarro 0-0: Ball
1-0: Called Strike
1-1: Called Strike
1-2: Strikes out looking
Batting: RHB Sergio Ortíz 0-0: Ball
1-0: Fly out, F9 (Flyball, 9LD)
Batting: RHB Preston Church 0-0: DOUBLE (Line Drive, 7D)
Steve Blankenship to third
Batting: RHB Curt O'Brian 0-0: Ball
1-0: Ball
2-0: Ball
3-0: Called Strike
3-1: Base on Balls
Batting: RHB Tomás Díaz 0-0: Ball
1-0: Ball
2-0: Called Strike
2-1: Swinging Strike
2-2: Strikes out looking
Top of the 5th over - 0 runs, 2 hits, 0 errors, 3 left on base; Yellowknife 1 - Oceanside 1
BOTTOM OF THE 5TH
Oceanside Swamp Foxes batting - Pitching for Yellowknife Claws : RHP Wilson González
Batting: SHB Teko de Bruin 0-0: Ball
1-0: Fly out, F1 (Popup, P)
Batting: RHB Ricardo López 0-0: Ball
1-0: Ground out 5-3 (Groundball, 5L)
Batting: RHB Howard Reed 0-0: Called Strike
0-1: Ball
1-1: Ball
2-1: Ball
3-1: Base on Balls
Batting: RHB Rubén Ramírez 0-0: Ball
1-0: SINGLE (Groundball, 6M) (infield hit)
Howard Reed to second
Batting: RHB Bert Larson 0-0: Ball
1-0: Fly out, F8 (Line Drive, 8LM)
Bottom of the 5th over - 0 runs, 1 hit, 0 errors, 2 left on base; Yellowknife 1 - Oceanside 1
TOP OF THE 6TH
Yellowknife Claws batting - Pitching for Oceanside Swamp Foxes : LHP David Jennings
Batting: RHB Mike Morrow 0-0: Ball
1-0: Ball
2-0: SINGLE (Groundball, 56D)
Batting: LHB Richard Shelton 0-0: SINGLE (Groundball, 34D)
Mike Morrow to second
Runner from 2nd tries for 3rd, SAFE, no throw
Batting: LHB Mike Bowers 0-0: Hit by Pitch
Richard Shelton to second
Pitching: RHP José Gusmán
Batting: LHB Steve Blankenship 0-0: Foul Ball, location: 2F
0-1: Ball
1-1: Ball
2-1: Foul Ball, location: 2F
2-2: Strikes out swinging
Batting: RHB Norberto Navarro 0-0: Ball
1-0: Ball
2-0: Ball
3-0: Called Strike
3-1: Fly out, F4 (Popup, 34D)
Batting: RHB Sergio Ortíz 0-0: Ball
1-0: Foul Ball, location: 2F
1-1: Foul Ball, location: 2F
1-2: Strikes out swinging
Top of the 6th over - 0 runs, 2 hits, 0 errors, 3 left on base; Yellowknife 1 - Oceanside 1
BOTTOM OF THE 6TH
Oceanside Swamp Foxes batting - Pitching for Yellowknife Claws : RHP Wilson González
Batting: RHB Pat Greene 0-0: Ball
1-0: Foul Ball, location: 2F
1-1: Ball
2-1: Ground out 4-3 (Groundball, 4S)
Batting: LHB Bob Huerta 0-0: Fly out, F7 (Flyball, 7S)
Batting: LHB Ernesto Rivera 0-0: Ball
1-0: Fly out, F6 (Popup, 6)
Bottom of the 6th over - 0 runs, 0 hits, 0 errors, 0 left on base; Yellowknife 1 - Oceanside 1
TOP OF THE 7TH
Yellowknife Claws batting - Pitching for Oceanside Swamp Foxes : RHP José Gusmán
Batting: RHB Preston Church 0-0: Ground out 4-3 (Groundball, 4MD)
Batting: RHB Curt O'Brian 0-0: Called Strike
0-1: Ball
1-1: Swinging Strike
1-2: Ball
2-2: Ball
3-2: Ground out 1-3 (Groundball, 15S)
Batting: RHB Tomás Díaz 0-0: Ground out 5-3 (Groundball, 56)
Top of the 7th over - 0 runs, 0 hits, 0 errors, 0 left on base; Yellowknife 1 - Oceanside 1
BOTTOM OF THE 7TH
Oceanside Swamp Foxes batting - Pitching for Yellowknife Claws : RHP Wilson González
Batting: RHB Luis Vigueras 0-0: Fly out, F8 (Flyball, 8RD)
Pinch Hitting: RHB Vincente López 0-0: SINGLE (Groundball, 56D)
Pinch Hitting: LHB James Navarro 0-0: Foul Ball, location: 2F
0-1: SINGLE (Line Drive, 78S)
Vincente López to second
Batting: RHB Howard Reed 0-0: Ball
1-0: Ball
2-0: Ball
3-0: Base on Balls
Vincente López to third
James Navarro to second
Batting: RHB Rubén Ramírez 0-0: Grounds into fielders choice 6-2 (Groundball, 6S)
James Navarro to third
Howard Reed to second
Batting: RHB Bert Larson 0-0: Ground out 4-3 (Groundball, 4)
Bottom of the 7th over - 0 runs, 2 hits, 0 errors, 3 left on base; Yellowknife 1 - Oceanside 1
TOP OF THE 8TH
Yellowknife Claws batting - Pitching for Oceanside Swamp Foxes : RHP José Gusmán
Now at 3B: Roberto Ramírez
Now at SS: Jorge Quińones
Pinch Hitting: LHB Otis Campbell 0-0: Ball
1-0: Fly out, F9 (Flyball, 9)
Batting: LHB Richard Shelton 0-0: Foul Ball, location: 2F
0-1: Ball
1-1: Called Strike
1-2: Ground out 4-3 (Groundball, 34)
Batting: LHB Mike Bowers 0-0: Ball
1-0: Ball
2-0: Called Strike
2-1: Swinging Strike
2-2: Foul Ball, location: 2F
2-2: Strikes out swinging
Top of the 8th over - 0 runs, 0 hits, 0 errors, 0 left on base; Yellowknife 1 - Oceanside 1
BOTTOM OF THE 8TH
Oceanside Swamp Foxes batting - Pitching for Yellowknife Claws : RHP Wilson González
Now at 3B: Fermín López
Pinch Hitting: RHB Iván Morán 0-0: Ball
1-0: Swinging Strike
1-1: Foul Ball, location: 2F
1-2: Foul Ball, location: 2F
1-2: Ball
2-2: Ball
3-2: Ground out 5-3 (Groundball, 56)
Batting: LHB Bob Huerta 0-0: Swinging Strike
0-1: Called Strike
0-2: Fly out, F4 (Popup, 34)
Batting: LHB Ernesto Rivera 0-0: Ground out 4-3 (Groundball, 4)
Bottom of the 8th over - 0 runs, 0 hits, 0 errors, 0 left on base; Yellowknife 1 - Oceanside 1
TOP OF THE 9TH
Yellowknife Claws batting - Pitching for Oceanside Swamp Foxes : RHP José Gusmán
Pitching: LHP Martin Martin
Now in LF: Iván Morán
Batting: LHB Steve Blankenship 0-0: Called Strike
0-1: Foul Ball, location: 2F
0-2: Foul Ball, location: 2F
0-2: Strikes out swinging
Batting: RHB Norberto Navarro 0-0: Called Strike
0-1: Ball
1-1: Called Strike
1-2: Ball
2-2: Strikes out looking
Batting: RHB Sergio Ortíz 0-0: Called Strike
0-1: Ball
1-1: Foul Ball, location: 2F
1-2: Ball
2-2: Ball
3-2: Base on Balls
Batting: RHB Preston Church 0-0: Ball
1-0: Ball
2-0: Fielders Choice at 2nd, 5-4 (Groundball, 56)
Top of the 9th over - 0 runs, 0 hits, 0 errors, 1 left on base; Yellowknife 1 - Oceanside 1
BOTTOM OF THE 9TH
Oceanside Swamp Foxes batting - Pitching for Yellowknife Claws : RHP Wilson González
Batting: RHB Luis Vigueras 0-0: SOLO HOME RUN (Flyball, 7D), Distance : 375 ft
Saturday, December 16th, 2017 - OOTP Baseball 18.8 Build 76